 Dungeon Crawl Stone Soup version 0.21-a0-1-gaf3b9a5 (webtiles) character file.

1927 turnburgler the Skirmisher (level 8, -1/70 HPs)
             Began as a Demonspawn Wanderer on May 20, 2017.
             Was a Follower of Okawaru.
             Killed by divine providence
             ... invoked by an orc priest
              (14 damage)
             ... on level 7 of the Dungeon.
             The game lasted 00:42:24 (7513 turns).

turnburgler the Skirmisher (Demonspawn Wanderer)    Turns: 7513, Time: 00:42:25

Health: -1/70      AC: 14    Str: 19    XL:     8   Next: 96%
Magic:  19/19      EV:  8    Int: 13    God:    Okawaru [*.....]
Gold:   357        SH:  0    Dex: 16    Spells: 5/7 levels left

rFire    . . .     SeeInvis .   t - +5 broad axe (venom)
rCold    . . .     Gourm    .   (no shield)
rNeg     . . .     Faith    .   b - +0 chain mail
rPois    +         Spirit   .   (no helmet)
rElec    +         Reflect  .   v - scarf of Puwiv {rElec rPois Str+9 Dex-4}
rCorr    .         Harm     .   (no gloves)
MR       +....                  u - +0 pair of boots
Stlth    ..........             (no amulet)
Regen    0.3/turn               h - ring of magical power
MPRegen  0.2/turn               (no ring)

@: very slightly contaminated
A: hooves 1, yellow scales 2, agile 1, low mp 1, magic resistance 1,
nightstalker 1, robust 1
a: Heroism, Renounce Religion


You were on level 7 of the Dungeon.
You worshipped Okawaru.
Okawaru was aware of your devotion.
You were not hungry.

You visited 2 branches of the dungeon, and saw 9 of its levels.

You collected 357 gold pieces.

Inventory:

Hand Weapons
 t - a +5 broad axe of venom (weapon)
 y - a cursed -3 dagger
Missiles
 e - 236 stones (quivered)
 n - 44 bolts
 r - 44 arrows
Armour
 b - a +0 chain mail (worn)
 u - a +0 pair of boots (worn)
 v - the scarf of Puwiv (worn) {rElec rPois Str+9 Dex-4}
   (You found it on level 4 of the Dungeon)

   It affects your strength (+9).
   It affects your dexterity (-4).
   It insulates you from electricity.
   It protects you from poison.
Jewellery
 h - a ring of magical power (left hand)
Wands
 a - a wand of random effects (25/48)
 d - a wand of polymorph (9/24)
Scrolls
 c - a scroll of fog
 i - a scroll of identify
 k - 4 scrolls of remove curse
 l - 2 scrolls of enchant armour
 m - a scroll of recharging
 s - a scroll of teleportation
 x - a scroll of immolation
Potions
 j - a potion of curing {unknown}
Books
 q - a book of Minor Magic

   Spells                             Type                      Level
   a - Magic Dart                     Conjuration                  1
   b - Blink                          Translocation                2
   c - Call Imp                       Summoning                    2
   d - Slow                           Hexes                        2
   e - Conjure Flame                  Conjuration/Fire             3
   f - Mephitic Cloud                 Conjuration/Poison/Air       3
Comestibles
 f - 3 bread rations
 g - 3 meat rations
 w - 2 royal jellies
 z - 13 chunks of flesh
 A - 4 fruits


   Skills:
 + Level 6.3 Fighting
 - Level 1.7 Short Blades
 + Level 5.6(5.7) Axes
   Level 1.7(4.0) Polearms
 + Level 5.6 Armour
 - Level 2.0 Dodging
 - Level 2.4 Stealth
 - Level 1.0 Unarmed Combat
 * Level 4.6 Invocations
 - Level 2.0 Evocations


You had 5 spell levels left.
You knew the following spells:

 Your Spells              Type           Power        Failure   Level  Hunger
a - Blink                 Tloc           N/A          99%         2    ###....


Dungeon Overview and Level Annotations

Branches:
Dungeon (8/15)             Temple (1/1) D:5
   Lair: D:8-11

Altars:
Ashenzari
Cheibriados
Dithmenos
Elyvilon
Fedhas
Gozag
Hepliaklqana
Kikubaaqudgha
Makhleb
Nemelex Xobeh
Okawaru
Qazlal
Ru
Sif Muna
Trog
Uskayaw
Vehumet
Wu Jian
Xom
Yredelemnul
Zin
The Shining One

Shops:
D:5 %

Annotations:
D:3 Gorglomux's ghost, amateur OgIE
D:8 Fingolfin's ghost, novice TrEE


Innate Abilities, Weirdness & Mutations

You have large cloven feet.
You are mostly covered in yellow scales. (AC +3)
You are slightly more attuned to the shadows.
You are agile. (Dex +2)
Your magical capacity is low. (-10% MP)
You are resistant to hostile enchantments. (MR+)
You are robust. (+10% HP)


Message History

There is a stone staircase leading down here.
The orc throws a silver tomahawk.
The silver tomahawk hits you but does no damage.
The silver sears you!
You see here a silver tomahawk.
The orc wizard casts a spell.
The orc wizard seems to speed up.
The orc throws a silver tomahawk.
The silver tomahawk hits you but does no damage.
The silver sears you!
You see here a silver tomahawk.
The orc priest invokes the aid of Beogh against you.
Beogh smites you!
* * * LOW HITPOINT WARNING * * *
The orc wizard begins to cast a cantrip, but forgets the words!
The orc wizard gestures wildly while chanting.
The orc wizard flickers and vanishes!
Deactivating autopickup; reactivate with Ctrl-A.
The orc priest calls down the wrath of Beogh upon you.
Beogh smites you!
You die...

#.#
.#
#o#
..
#o#
.##
#.#
.#
#.#
.#
#o#
#.#
#.#
#@#
#+#


You could see an orc warrior and an orc priest.

Vanquished Creatures
  Grinder (D:5)
  Sigmund (D:4)
  Menkaure (D:4)
  Edmund (D:4)
  An orc warrior (D:8)
  An ice beast (D:5)
  A sky beast (D:6)
  2 ogres
  3 bullfrogs (D:6)
  2 howler monkeys
  2 crimson imps
  A bullfrog zombie (D:5)
  An orc priest (D:5)
  2 hounds
  4 orc wizards (D:6)
  7 worker ants
  A howler monkey zombie (D:6)
  2 adders (D:5)
  4 gnolls (D:5)
  2 worms
  2 dart slugs
  3 leopard geckos
  23 orcs
  7 bats
  2 giant cockroaches
  9 goblins
  7 hobgoblins
  8 jackals
  2 ball pythons
  4 frilled lizards
  A jackal skeleton (D:6)
  2 kobolds (D:1)
  5 rats
115 creatures vanquished.

Notes
Turn   | Place    | Note
-------+----------+-------------------------------------------
     0 | D:1      | turnburgler the Demonspawn Wanderer began the quest for the Orb.
     0 | D:1      | turnburgler set off with: a +2 short sword, a +0 spear, a potion of lignification, a +0 robe, a bread ration
     0 | D:1      | Reached XP level 1. HP: 19/19 MP: 2/2
   370 | D:1      | You fall through a shaft!
   391 | D:2      | Reached skill level 1 in Polearms
   391 | D:2      | Gained mutation: You are slightly more attuned to the shadows. [demonic ancestry]
   391 | D:2      | Reached XP level 2. HP: 17/25 MP: 3/3
  1596 | D:2      | Gained mutation: You are partially covered in yellow scales. (AC +2) [demonic ancestry]
  1596 | D:2      | Reached XP level 3. HP: 16/30 MP: 4/4
  1966 | D:2      | Found a sparkling altar of Nemelex Xobeh.
  2423 | D:2      | Found a blossoming altar of Fedhas.
  2803 | D:3      | Noticed Gorglomux's ghost (amateur OgIE)
  2831 | D:3      | Gained mutation: You have large cloven feet. [demonic ancestry]
  2831 | D:3      | Reached XP level 4. HP: 5/37 MP: 5/5
  3758 | D:4      | Reached skill level 1 in Axes
  4056 | D:4      | Noticed Sigmund
  4072 | D:4      | Noticed Edmund
  4080 | D:4      | Killed Edmund
  4080 | D:4      | Reached skill level 1 in Armour
  4080 | D:4      | Reached XP level 5. HP: 43/43 MP: 6/6
  4166 | D:4      | Killed Sigmund
  4166 | D:4      | Reached XP level 6. HP: 23/50 MP: 7/7
  4488 | D:4      | Reached skill level 5 in Fighting
  5024 | D:4      | Reached XP level 7. HP: 53/56 MP: 8/8
  5037 | D:4      | Got a faintly glowing scarf
  5048 | D:4      | Identified the cursed scarf of Puwiv {rElec rPois Str+9 Dex-4} (You found it on level 4 of the Dungeon)
  5128 | D:4      | Noticed Menkaure
  5141 | D:4      | Killed Menkaure
  5391 | D:5      | Entered Level 5 of the Dungeon
  5397 | D:5      | Reached skill level 1 in Dodging
  5939 | D:5      | Found Tuta's Food Boutique.
  5972 | D:5      | Found a staircase to the Ecumenical Temple.
  6179 | D:5      | Gained mutation: You are mostly covered in yellow scales. (AC +3) [demonic ancestry]
  6179 | D:5      | Reached XP level 8. HP: 62/62 MP: 9/9
  6236 | D:5      | Noticed Grinder
  6237 | D:5      | Paralysed by Grinder for 6 turns
  6255 | D:5      | Paralysed by Grinder for 2 turns
  6261 | D:5      | Killed Grinder
  6261 | D:5      | Reached skill level 5 in Axes
  6292 | D:5      | Reached skill level 5 in Armour
  6600 | Temple   | Entered the Ecumenical Temple
  6907 | Temple   | Became a worshipper of Warmaster Okawaru
  6945 | D:6      | Reached skill level 1 in Invocations
  7007 | D:6      | Learned a level 2 spell: Blink
  7043 | D:6      | Gained mutation: You are resistant to hostile enchantments. (MR+) [mutagenic meat]
  7044 | D:6      | Gained mutation: Your magical capacity is low. (-10% MP) [mutagenic meat]
  7045 | D:6      | Gained mutation: You are robust. (+10% HP) [mutagenic meat]
  7046 | D:6      | Gained mutation: You are agile. (Dex +2) [mutagenic meat]
  7139 | D:6      | Reached skill level 6 in Fighting
  7388 | D:6      | Reached * piety under Okawaru
  7423 | D:6      | You fall through a shaft for 2 floors!
  7452 | D:8      | Noticed Fingolfin's ghost (novice TrEE)
  7513 | D:7      | Killed from afar by an orc priest

Vault maps used:
D:1:      evilmike_arrival_rings, serial_aquarium, aquarium_bridge_straight,
          aquarium_window_2, aquarium_window_corridor_3, aquarium_window_1,
          aquarium_window_1, aquarium_view_2c, aquarium_pool_double,
          serial_park_tiny_pond
D:2:      old_standard_altar, fedhas_altar_1
D:3:      first_bread
D:4:      minmay_unequal, uniq_sigmund, uniq_menkaure, uniq_edmund
D:5:      minmay_temple_entry_mist, serial_shops, shop_statue, hex_large,
          uniq_grinder
D:7:      the_bakery
Temple:   nicolae_temple_the_god_donut

Skill      XL: |  1  2  3  4  5  6  7  8 |
---------------+-------------------------+-----
Polearms       | 1 |  1.7
Stealth        | 2 |  2.4
Axes           | 2 3 4 5 |  5.6
Armour         | 1 2 4 5 |  5.6
Fighting       | 5 6 |  6.3
Dodging        | 2 |  2.0
Invocations    | 4 |  4.6
Short Blades   | |  1.7
Unarmed Combat | |  1.0
Evocations     | |  2.0

Action                   |  1- 3 |  4- 6 |  7- 9 || total
-------------------------+-------+-------+-------++-------
Melee: Spear             |   142 |       |       ||   142
       Punch             |     1 |       |       ||     1
       Broad axe         |    35 |    32 |   141 ||   208
Evoke: Wand              |       |     1 |       ||     1
  Use: Potion            |     3 |     1 |       ||     4
       Scroll            |     3 |     6 |     8 ||    17
 Stab: Sleeping          |    14 |       |       ||    14
  Eat: Fruit             |     2 |     1 |       ||     3
       Chunk             |     4 |     1 |     9 ||    14
       Meat ration       |       |     1 |     1 ||     2
Armor: Leather armour    |    19 |       |       ||    19
       Skin              |    45 |       |       ||    45
       Ring mail         |    43 |       |       ||    43
       Chain mail        |       |    25 |    99 ||   124
Dodge: Dodged            |    68 |     5 |    54 ||   127
